 Dungeon Crawl Stone Soup version 0.26-a0-610-g3e9335bbc7 (webtiles) character file.

Game seed: 17899525731711853693

64 Mitsuki the Firebug (level 3, 0/19 HPs)
             Began as a Deep Elf Fire Elementalist on Sept 3, 2020.
             Slain by an adder (4 damage)
             ... on level 2 of the Dungeon.
             The game lasted 00:03:14 (1470 turns).

Mitsuki the Firebug (Deep Elf Fire Elementalist)    Turns: 1470, Time: 00:03:14

Health: 0/19       AC:  2    Str:  5 (6)  XL:     3   Next: 91%
Magic:  10/10      EV: 14    Int: 18 (19) God:
Gold:   76         SH:  0    Dex: 19 (21) Spells: 8/9 levels left

rFire    . . .     SeeInvis .   d - +0 dagger
rCold    . . .     Faith    .   (no shield)
rNeg     . . .     Spirit   .   a - +0 robe
rPois    .         Reflect  .   (no helmet)
rElec    .         Harm     .   (no cloak)
rCorr    .                      (no gloves)
MR       .....                  (no boots)
Stlth    ++........             (no amulet)
HPRegen  0.06/turn              j - +6 ring of dexterity
MPRegen  0.12/turn              (no ring)

@: lethally poisoned (0 -> -6), stab
A: no striking features
a: no special abilities


You were on level 2 of the Dungeon.
You visited 1 branch of the dungeon, and saw 2 of its levels.

You collected 76 gold pieces.

Inventory:

Hand Weapons
 d - a +0 dagger (weapon)
Armour
 a - a +0 robe (worn)
Jewellery
 j - a +6 ring of dexterity (left hand)
Scrolls
 b - 2 scrolls of teleportation {unknown}
 c - a scroll of blinking {unknown}
 e - 2 scrolls of remove curse {unknown}
 f - 2 scrolls of identify {unknown}
 h - a scroll of enchant armour {unknown}
 i - a scroll of enchant weapon {unknown}
Potions
 k - a potion of degeneration


   Skills:
 + Level 3.1 Dodging
 - Level 2.4 Stealth
 + Level 3.7 Spellcasting
 + Level 2.0 Conjurations
 * Level 4.2 Fire Magic


You had 8 spell levels left.
You knew the following spells:

 Your Spells              Type           Power        Failure   Level
a - Foxfire               Conj/Fire      ##..         4%          1

Your spell library contained the following spells:

 Spells                   Type           Power        Failure   Level
 Conjure Flame            Conj/Fire      ##......     12%         3
 Inner Flame              Hex/Fire       ##......     19%         3
 Sticky Flame             Conj/Fire      ##......     38%         4
 Fireball                 Conj/Fire      ##........   75%         5


Dungeon Overview and Level Annotations

Branches:
Dungeon (2/15)

Altars:
Fedhas

Annotations:
D:2 1 transporter


Message History

You feel weakened.
You feel dopey.
You feel clumsy.
You feel sick.
The foxfire hits the adder.
The adder is severely wounded.
The adder closely misses you.
It was a potion of magic.
Magic courses through your body. The adder closely misses you.
MP restored: 10 It was a potion of stabbing.
You feel ready to backstab.
You feel sick. The adder barely misses you. x2
You take 1 damage, and have 6/19 hp.
You miss the adder.
The adder is severely wounded.
* * * LOW HITPOINT WARNING * * *
You feel sick. The adder misses you.
You take 1 damage, and have 5/19 hp.
Your foxfire dissipates!
* * * LOW HITPOINT WARNING * * *
You feel sick. The adder bites you.
You die...

##.####.#........#
########### #
h#.....###....##.# #
a#.####.#.###.##.# #
.#.# ##.##......# ## #
©#.# ##.[.#......# ..
### .#.#
#..#....#.#.##.### #..
.#.###....#..#^#......#
#.#
K#.##(...##..#8#.##.#.#
#.# ##.##†.#######^#@#
.. #.#
#....).......#.#S# #.#
#.# ..##.(...#####.#.#
# #.) ###.....# #...#
#.> #.......# #....?#
#.. ...#.....# #.#####
#.. ...#.....###.#
#######..
...#####...#.#
......... ... #.#.#.#
#######..


You could see an adder.

Vanquished Creatures
  2 adders (D:2)
  2 oozes (D:2)
  A dart slug (D:2)
  A leopard gecko (D:1)
  5 orcs (D:2)
  A giant cockroach (D:1)
  3 goblins (D:2)
  A quokka (D:2)
  A ball python (D:1)
  6 bats
  2 frilled lizards (D:1)
  3 kobolds (D:2)
  5 rats
33 creatures vanquished.

Vanquished Creatures (others)
  97 foxfires
97 creatures vanquished.

Grand Total: 130 creatures vanquished

Notes
Turn   | Place    | Note
-------+----------+-------------------------------------------
     0 | D:1      | Mitsuki the Deep Elf Fire Elementalist began the quest for
                  | the Orb.
     0 | D:1      | Reached XP level 1. HP: 10/10 MP: 6/6
   566 | D:1      | Reached XP level 2. HP: 15/15 MP: 4/8
   930 | D:2      | Found a blossoming altar of Fedhas.
   930 | D:2      | Found a transporter.
   949 | D:2      | Reached XP level 3. HP: 18/19 MP: 5/9
  1096 | D:2      | Reached skill level 4 in Fire Magic
  1470 | D:2      | Slain by an adder

Illustrated notes

Levels and vault maps discovered:
D:1:      heliophobic_arrival_dark_side_of_the_moon, layout_rooms,
          chequers_serial_rivers_small_3, minivault_27
D:2:      layout_loops_ring, gammafunk_temple_overflow_arena,
          ebering_dispersal_statue_hall

Skill      XL: |  1  2  3 |
---------------+----------+-----
Fire Magic     | 4 |  4.2
Dodging        | 3 |  3.1
Conjurations   | 2 |  2.0
Stealth        | |  2.4
Spellcasting   | |  3.7

Action                   || total
-------------------------++-------
Melee: Dagger            ||     2
 Cast: Foxfire           ||    67
  Use: Potion            ||     3
Armor: Robe              ||     4
Dodge: Dodged            ||    15

Table legend: (Time is in decaauts)
 A = Elapsed time spent in this place.
 B = Non-inter-level travel time spent in this place.
 C = Inter-level travel time spent in this place.
 D = Time resting spent in this place.
 E = Time spent auto-exploring this place.
 F = Levels seen in this place.
 G = Mean time per level.
                   A        B        C        D        E       F      G
               +--------+--------+--------+--------+--------+-----+--------+
         Total |   1471 |   1436 |     35 |      0 |   1276 |   2 |  735.5 |
       Dungeon |   1471 |   1436 |     35 |      0 |   1276 |   2 |  735.5 |
               +--------+--------+--------+--------+--------+-----+--------+

Top non-repeatable levels by time:
     D:1: 837 daAuts
     D:2: 634 daAuts
